Map: [ESL] Ancient Cistern

Players

Astrea

  • Race: Protoss Protoss
  • Spawn Location: 7:00

Vindicta - Winner!

  • Race: Terran Terran
  • Spawn Location: 1:00

Event: ESL SC2 Masters 2023 Summer (Regionals)

VOD

Have the link to the VOD?

Description

Time

  • Played on: May 7, 2023, 3:09 p.m.
  • Length: 20:59

All games in this series

Show
View Real Time Build Order
Export as new Build Order

Astrea Protoss 

Build Orders: 1 Gate Expand, Phoenix Opening, Colossus Rush 

Get SALT Encoding   

  12  0:00  Probe  
  13  0:12  Probe  
  14  0:16  Pylon  
  14  0:24  Probe (Chrono Boost)  
  15  0:35  Gateway  
  16  0:36  Probe (Chrono Boost)  
  16  0:42  Probe (Chrono Boost)  
  16  0:45  Assimilator  
  17  0:51  Probe  
  18  1:03  Probe  
  19  1:15  Probe  
  20  1:21  Nexus  
  20  1:30  Cybernetics Core  
  20  1:33  Probe  
  20  1:38  Assimilator  
  21  1:45  Probe  
  22  1:48  Pylon  
  22  1:57  Probe  
  23  2:04  Adept (Chrono Boost)  
  23  2:05  Probe  
  25  2:14  Probe  
  26  2:16  Stargate  
  27  2:26  Probe (Chrono Boost), Warp Gate  
  28  2:30  Adept  
  28  2:34  Probe (Chrono Boost)  
  31  2:43  Probe x2 (Chrono Boost)  
  33  2:48  Probe (Chrono Boost)  
  33  2:49  Probe  
  35  2:59  Phoenix  
  35  3:00  Probe (Chrono Boost)  
  35  3:03  Probe (Chrono Boost)  
  39  3:10  Pylon  
  40  3:12  Probe (Chrono Boost)  
  40  3:16  Robotics Facility  
  40  3:19  Probe (Chrono Boost)  
  41  3:20  Probe (Chrono Boost), Assimilator  
  41  3:25  Probe  
  41  3:26  Phoenix (Chrono Boost)  
  41  3:27  Probe  
  46  3:35  Assimilator  
  46  3:38  Probe  
  46  3:39  Probe  
  48  3:50  Probe, Pylon  
  48  3:51  Probe, Phoenix (Chrono Boost)  
  52  4:02  Probe, Gateway  
  53  4:03  Probe  
  53  4:08  Observer  
  55  4:12  Pylon  
  55  4:14  Probe, Robotics Bay  
  55  4:15  Probe  
  57  4:23  Observer  
  57  4:26  Probe, Shield Battery  
  57  4:28  Immortal (Chrono Boost)  
  62  4:31  Pylon  
  62  4:35  Adept  
  62  4:37  Shield Battery  
  65  4:42  Observer  
  64  4:49  Pylon  
  64  4:55  Phoenix  
  64  4:58  Colossus (Chrono Boost)  
  66  5:05  Extended Thermal Lance  
  72  5:08  Probe  
  72  5:09  Probe  
  72  5:13  Sentry, Zealot  
  72  5:14  Pylon  
  78  5:20  Probe  
  79  5:23  Phoenix  
  79  5:25  Probe  
  82  5:30  Forge  
  82  5:32  Pylon  
  82  5:33  Probe  
  83  5:39  Probe  
  84  5:48  Nexus, Probe, Observer  
  85  5:50  Phoenix  
  85  5:54  Pylon  
  85  5:57  Probe, Protoss Ground Weapons Level 1 (Chrono Boost)  
  88  6:00  Probe  
  88  6:02  Twilight Council  
  89  6:09  Probe  
  90  6:11  Shield Battery  
  90  6:12  Probe  
  90  6:15  Sentry, Phoenix  
  95  6:21  Probe  
  95  6:24  Probe  
  97  6:26  Colossus (Chrono Boost)  
  97  6:33  Probe  
  97  6:36  Probe  
  99  6:42  Assimilator  
  99  6:44  Assimilator  
  99  6:45  Probe  
  99  6:46  Charge  
  100  6:48  Probe  
  101  6:57  Gateway, Probe  
  101  6:58  Gateway  
  101  7:00  Gateway  
  101  7:01  Gateway  
  102  7:10  Colossus (Chrono Boost)  
  102  7:12  Probe x2  
  110  7:18  Gateway  
  110  7:20  Gateway  
  110  7:21  Probe  
  111  7:27  Templar Archives  
  111  7:28  Zealot x2  
  111  7:29  Pylon  
  115  7:37  Pylon  
  115  7:43  Protoss Ground Weapons Level 2 (Chrono Boost)  
  115  7:51  Pylon  
  115  7:54  Warp Prism (Chrono Boost)  
  115  7:55  Zealot x6  
  129  8:02  Phoenix  
  129  8:04  Photon Cannon  
  131  8:06  Photon Cannon  
  131  8:12  Observer  
  131  8:18  High Templar x2  
  131  8:19  Zealot x4, High Templar x2  
  147  8:23  Pylon  
  147  8:24  Archon x2  
  147  8:27  Pylon  
  147  8:32  Pylon  
  147  8:38  Nexus  
  147  8:55  Zealot x8  
  159  9:03  Photon Cannon  
  159  9:05  Shield Battery  
  141  9:17  Zealot x8  
  149  9:27  Probe x2  
  147  9:33  Forge  
  147  9:35  Blink (Chrono Boost)  
  147  9:36  Probe  
  148  9:41  Warp Prism (Chrono Boost)  
  148  9:44  Probe  
  145  9:46  High Templar x4  
  145  9:47  High Templar x4  
  145  9:49  Protoss Ground Weapons Level 3 (Chrono Boost)  
  145  9:50  Archon  
  145  9:51  Archon x3  
  158  9:54  Probe x3  
  158  9:56  Probe  
  162  10:06  Probe  
  163  10:11  Photon Cannon  
  163  10:12  Photon Cannon, Protoss Ground Armor Level 1 (Chrono Boost)  
  164  10:21  Observer  
  160  10:28  Stalker  
  160  10:29  Stalker x7  
  176  10:41  Pylon x2  
  176  10:50  Gateway  
  176  10:52  Gateway  
  176  10:56  Disruptor (Chrono Boost)  
  179  10:58  Robotics Facility  
  179  10:59  Zealot x5  
  179  11:01  Nexus  
  189  11:10  Zealot x3  
  195  11:15  Photon Cannon  
  195  11:17  Pylon  
  193  11:28  Disruptor (Chrono Boost)  
  178  11:35  Zealot x7  
  178  11:36  Zealot  
  156  11:50  Probe  
  156  11:53  Zealot x2  
  141  11:58  Colossus (Chrono Boost)  
  141  11:59  Zealot x7  
  159  12:03  Colossus (Chrono Boost)  
  159  12:06  Probe  
  159  12:07  Probe x3  
  161  12:11  Stalker  
  159  12:23  Photon Cannon  
  159  12:29  Probe x4  
  163  12:33  High Templar x5  
  163  12:34  Zealot x4, High Templar  
  163  12:35  Protoss Shields Level 1 (Chrono Boost)  
  183  12:40  Archon x3, Pylon  
  183  12:43  Pylon  
  183  12:49  Disruptor (Chrono Boost)  
  184  13:01  Zealot x4  
  186  13:08  Stalker x4  
  186  13:09  Stalker  
  192  13:26  Observer (Chrono Boost)  
  180  13:36  Zealot x7  
  180  13:38  Probe x2  
  180  13:39  Probe  
  192  13:47  Probe x2  
  194  13:49  Photon Cannon  
  194  13:50  Probe  
  194  13:52  Probe x2, Assimilator  
  197  14:00  Disruptor  
  195  14:10  Probe x2  
  195  14:12  Disruptor  
  197  14:25  Zealot  
  191  14:34  Probe x2  
  191  14:36  Nexus  
  187  14:51  Protoss Ground Armor Level 2 (Chrono Boost)  
  179  14:53  Disruptor x2  
  185  15:00  Probe x5  
  189  15:12  Probe  
  190  15:16  Probe x4  
  190  15:20  Photon Cannon  
  194  15:21  Photon Cannon x2  
  194  15:22  Shield Battery  
  194  15:23  Photon Cannon, Shield Battery  
  194  15:25  Dark Shrine  
  192  15:28  Disruptor (Chrono Boost)  
  192  15:29  Gateway  
  192  15:32  Disruptor (Chrono Boost)  
  192  15:34  Gateway  
  182  15:37  Gateway  
  110  15:51  Stalker  
  110  15:52  Stalker x6  
  124  16:01  Probe, Colossus (Chrono Boost)  
  124  16:02  Probe x5  
  136  16:07  Colossus (Chrono Boost), Assimilator x2  
  142  16:14  Observer  
  142  16:15  Nexus  
  142  16:17  Probe  
  142  16:18  Probe x5  
  147  16:22  Stalker x2  
  147  16:23  Stalker x5  
  162  16:31  Gateway  
  162  16:32  Gateway  
  162  16:35  Probe x3, Photon Cannon  
  162  16:36  Photon Cannon  
  165  16:45  Observer (Chrono Boost)  
  166  16:51  Observer  
  165  16:54  Shadow Stride (Chrono Boost)  
  165  17:02  Zealot x9  
  165  17:03  Zealot  
  165  17:06  Disruptor  
  188  17:12  Disruptor  
  191  17:18  Protoss Ground Armor Level 3 (Chrono Boost)  
  188  17:27  Dark Templar x6  
  188  17:28  Nexus  
  200  17:33  Assimilator  
  200  17:34  Assimilator  
  200  17:36  Photon Cannon  
  200  17:37  Photon Cannon  
  200  17:38  Pylon  
  189  18:07  Stalker x2  
  189  18:08  Stalker x3  
  199  18:13  Pylon  
  167  18:35  Disruptor (Chrono Boost)  
  167  18:36  Disruptor (Chrono Boost)  
  167  18:38  Zealot x5, Dark Templar x4  
  177  18:42  Zealot x2  
  177  18:43  Zealot  
  132  19:03  Zealot x8  
  132  19:07  Disruptor (Chrono Boost)  
  114  19:13  Stalker x4  
  114  19:16  Disruptor (Chrono Boost)  
  106  19:34  Zealot x6  
  106  19:35  Zealot x2  
  106  19:36  Disruptor  
  120  19:47  Zealot x4  
  120  19:50  Disruptor (Chrono Boost)  
  115  19:59  Zealot x8  
  100  20:09  Disruptor (Chrono Boost)  
  103  20:20  Stalker x5  
  103  20:21  Zealot x7  
  117  20:22  Nexus  
  117  20:25  Disruptor (Chrono Boost)  
  101  20:45  Stalker  
  101  20:46  Stalker x3, Zealot x3  
Show
View Real Time Build Order
Export as new Build Order

Vindicta Terran - Winner!

Build Orders:  

Get SALT Encoding   

  12  0:00  SCV  
  13  0:12  SCV  
  14  0:16  Supply Depot  
  14  0:24  SCV  
  15  0:38  SCV  
  15  0:40  Barracks  
  15  0:42  Refinery  
  16  0:50  SCV  
  17  1:02  SCV  
  18  1:14  SCV  
  19  1:30  Marine, Orbital Command  
  20  1:45  Command Center  
  20  1:49  Barracks Reactor  
  20  1:56  SCV  
  20  1:59  Supply Depot  
  21  2:08  SCV  
  22  2:13  Bunker  
  22  2:20  SCV  
  23  2:26  Reaper x2  
  25  2:30  Barracks  
  25  2:32  SCV  
  26  2:37  Barracks  
  26  2:44  SCV  
  27  2:56  SCV  
  27  2:57  Orbital Command  
  27  2:58  Marine x2  
  30  3:08  SCV  
  31  3:13  Supply Depot  
  31  3:16  Marine x2  
  31  3:17  Barracks Tech Lab  
  33  3:20  SCV  
  33  3:24  Barracks Tech Lab  
  33  3:25  SCV  
  35  3:29  Engineering Bay  
  35  3:32  SCV  
  35  3:33  Marine  
  35  3:34  Marine  
  37  3:38  SCV  
  37  3:40  Marine, Stimpack  
  40  3:45  SCV  
  40  3:47  Marine  
  41  3:51  Marine  
  41  3:53  Refinery  
  41  3:54  Marine  
  44  3:57  SCV  
  44  3:58  Combat Shield, Marine  
  44  4:01  SCV  
  44  4:02  Missile Turret  
  45  4:03  Missile Turret  
  45  4:09  SCV, Marine  
  48  4:13  SCV  
  48  4:14  Supply Depot  
  48  4:15  Marine  
  48  4:16  Marine  
  51  4:20  Marine  
  51  4:21  SCV  
  51  4:25  SCV  
  51  4:27  Marine  
  51  4:28  Refinery  
  51  4:29  Terran Infantry Weapons Level 1  
  53  4:32  Supply Depot  
  53  4:33  Marine  
  53  4:35  Marine  
  53  4:37  SCV  
  53  4:38  SCV, Marine  
  58  4:47  Marine  
  58  4:48  Factory  
  58  4:49  SCV  
  58  4:51  Marine  
  58  4:52  SCV  
  62  4:54  Marine  
  62  4:56  Marine  
  64  5:01  SCV, Supply Depot  
  64  5:04  SCV  
  64  5:05  Marine  
  67  5:09  Marine  
  67  5:13  SCV  
  70  5:15  Supply Depot  
  70  5:18  SCV  
  70  5:20  Refinery  
  69  5:23  Marine  
  69  5:25  SCV  
  69  5:30  SCV  
  69  5:33  Starport, Factory Reactor  
  69  5:35  Command Center  
  70  5:36  Marine  
  70  5:37  SCV, Marine  
  70  5:38  Marine  
  70  5:41  Marine  
  75  5:48  Concussive Shells  
  70  5:50  SCV  
  70  5:51  Supply Depot  
  70  5:55  Marauder  
  72  5:59  SCV  
  72  6:02  SCV  
  72  6:03  Marauder  
  75  6:05  Barracks  
  75  6:07  Barracks  
  75  6:11  SCV  
  75  6:14  SCV, Supply Depot  
  75  6:16  Medivac x2  
  75  6:18  Factory Reactor, Factory Tech Lab  
  81  6:20  Marine x2  
  81  6:23  SCV  
  84  6:26  Terran Infantry Armor Level 1  
  84  6:27  Marauder  
  86  6:37  SCV x2  
  86  6:39  Marauder  
  89  6:46  Medivac x2  
  92  6:48  Marauder  
  92  6:50  SCV x2  
  96  7:00  Marauder  
  98  7:03  SCV x2  
  98  7:04  Barracks Reactor  
  98  7:05  Barracks Tech Lab  
  98  7:09  Ghost Academy  
  98  7:11  Marauder  
  98  7:15  SCV x2  
  102  7:16  Missile Turret, Medivac x2  
  102  7:17  Widow Mine x2  
  102  7:22  Supply Depot  
  110  7:23  Orbital Command  
  110  7:27  SCV x2  
  110  7:28  Armory  
  112  7:30  Marine x2  
  114  7:39  SCV  
  114  7:41  Supply Depot x2, Ghost  
  118  7:46  SCV  
  118  7:50  Medivac  
  118  7:51  SCV, Medivac  
  119  7:54  SCV  
  119  7:58  SCV  
  121  8:00  Ghost, Refinery, Marine x2  
  121  8:03  SCV, Widow Mine  
  121  8:04  Marine  
  131  8:07  SCV  
  131  8:12  SCV  
  131  8:14  Ghost  
  131  8:18  Marine x3  
  137  8:24  Widow Mine  
  137  8:25  Widow Mine, Refinery  
  137  8:26  Marine  
  140  8:27  Supply Depot  
  140  8:28  Marauder  
  140  8:29  Viking, Marine  
  140  8:30  SCV  
  147  8:34  Supply Depot  
  147  8:36  Supply Depot, Viking  
  147  8:37  Supply Depot, Marine  
  149  8:46  SCV  
  149  8:47  Marine  
  149  8:49  Marauder  
  149  8:57  Marauder, Command Center, Marine  
  149  9:01  Supply Depot  
  154  9:04  Widow Mine x2  
  154  9:05  SCV  
  154  9:06  Supply Depot  
  154  9:09  Marine  
  157  9:10  Marauder  
  157  9:12  Supply Depot  
  149  9:18  Marine x2  
  149  9:19  Marauder  
  149  9:20  Marine  
  149  9:21  Marauder  
  153  9:28  SCV x2  
  153  9:32  Viking x2  
  153  9:34  SCV  
  153  9:38  Terran Infantry Weapons Level 2  
  152  9:40  SCV  
  152  9:41  SCV  
  152  9:46  SCV  
  152  9:51  Widow Mine x2  
  159  9:53  SCV x2  
  157  10:02  Viking x2  
  164  10:07  SCV  
  164  10:08  Sensor Tower  
  164  10:11  Marine x2  
  164  10:12  Marauder  
  164  10:13  Engineering Bay, Widow Mine x2  
  172  10:19  SCV  
  173  10:24  Marine  
  173  10:26  SCV  
  173  10:29  Missile Turret  
  173  10:34  Widow Mine  
  173  10:35  Liberator x2  
  182  10:37  Marine  
  182  10:40  SCV x2  
  182  10:42  Missile Turret  
  182  10:45  Marine x3  
  182  10:46  Marauder x2  
  189  10:54  Planetary Fortress  
  190  11:04  Refinery x2  
  190  11:05  Terran Infantry Armor Level 2  
  190  11:06  Terran Ship Weapons Level 1  
  190  11:09  Marauder x2  
  193  11:13  Ghost  
  193  11:15  Marine x2  
  196  11:27  Marine x2  
  196  11:29  Ghost  
  196  11:30  Marauder  
  196  11:32  Supply Depot  
  199  11:43  Ghost  
  190  11:48  Marine  
  190  11:51  Marine x2  
  190  11:52  Marauder  
  186  11:57  Marine, Barracks  
  186  11:58  Ghost, Barracks  
  167  12:03  SCV  
  167  12:04  SCV x2  
  167  12:06  Marine  
  171  12:09  Marine x2  
  171  12:13  Marauder x2  
  171  12:15  Marine  
  177  12:22  SCV x3  
  180  12:23  Marine  
  180  12:26  Ghost, Marine x2  
  180  12:27  SCV, Sensor Tower  
  180  12:28  Terran Infantry Weapons Level 3  
  186  12:33  Ghost, Marine  
  186  12:34  SCV, Marauder  
  192  12:41  Marine  
  193  12:44  Liberator, Marine x2  
  193  12:45  Fusion Core  
  193  12:46  Starport  
  193  12:48  Barracks Tech Lab x2  
  193  12:50  Marine  
  199  12:55  Ghost  
  199  12:56  Marauder  
  189  12:59  Marine  
  189  13:02  Marine x2, Medivac  
  189  13:03  Marauder  
  193  13:06  Ghost  
  193  13:08  Marine  
  193  13:09  Marine  
  197  13:17  Marauder, Marine  
  189  13:20  Marine x2  
  189  13:23  Ghost  
  189  13:24  Terran Infantry Armor Level 3, Marine  
  189  13:26  Marine  
  194  13:27  Medivac  
  182  13:34  Medivac  
  182  13:35  Ghost, Starport Reactor, Marine  
  182  13:36  Advanced Ballistics  
  182  13:38  Marine  
  182  13:39  Marauder  
  188  13:42  Marine  
  188  13:46  Marine  
  188  13:47  Marauder  
  188  13:48  Command Center  
  179  13:53  Ghost  
  181  13:57  Medivac  
  181  13:59  Marine x2  
  185  14:05  Terran Ship Weapons Level 2  
  183  14:14  Viking x2  
  183  14:15  Ghost, Marine x2, Medivac  
  190  14:24  Marauder x2  
  190  14:27  Marine  
  190  14:28  Marauder, Marine  
  192  14:33  Viking  
  191  14:43  Ghost  
  191  14:44  Viking  
  190  14:49  Medivac  
  194  14:54  Command Center  
  194  14:55  Rapid Reignition System  
  194  14:58  Sensor Tower  
  192  15:09  Liberator x2  
  191  15:16  Viking  
  191  15:19  Viking  
  195  15:26  Marauder  
  197  15:33  Marine x2  
  197  15:34  Marauder, Marine x2  
  197  15:35  Marauder x2  
  150  15:46  Liberator  
  150  15:47  Marauder  
  150  15:49  Liberator  
  146  15:51  Liberator, Marine x2  
  146  15:52  Liberator, Hi-Sec Auto Tracking, Marine x2  
  146  15:55  Marauder  
  146  15:56  Marauder  
  156  16:04  Widow Mine x2  
  160  16:12  Ghost  
  160  16:15  Marine  
  160  16:17  Marine x2  
  166  16:21  Missile Turret  
  166  16:23  Ghost, Marine x3  
  169  16:27  Orbital Command  
  169  16:29  Liberator  
  169  16:32  Liberator  
  176  16:33  Marine  
  176  16:34  Liberator  
  176  16:38  Medivac  
  182  16:43  Marine x2  
  182  16:46  Terran Vehicle And Ship Armor Level 1  
  179  16:48  Marine  
  180  16:54  Planetary Fortress  
  180  16:55  SCV  
  180  16:56  SCV  
  180  16:57  Marine  
  180  16:59  Marine  
  180  17:00  Refinery  
  184  17:02  Marine  
  184  17:03  Refinery  
  184  17:05  Marine  
  184  17:07  SCV  
  184  17:08  Medivac  
  189  17:09  Neosteel Armor  
  189  17:12  Medivac  
  189  17:15  Viking  
  188  17:17  Viking  
  188  17:20  Refinery  
  188  17:21  Marine x2  
  195  17:31  Marine  
  195  17:34  Marine x2  
  195  17:35  Marauder  
  200  17:42  Refinery  
  188  18:00  Marine x2  
  188  18:01  Marine  
  188  18:02  Medivac x2  
  188  18:03  Medivac x2  
  188  18:06  SCV  
  188  18:07  Ghost, Marine  
  188  18:08  SCV, Ghost, Sensor Tower  
  188  18:11  Ghost  
  188  18:12  Marine  
  198  18:16  Marauder  
  198  18:18  Marine x3  
  198  18:22  SCV x2  
  198  18:25  Marine  
  197  18:30  Marauder  
  197  18:32  Liberator, Medivac x2  
  178  18:34  Liberator  
  178  18:36  Marauder, Marine x4  
  178  18:38  Marauder  
  178  18:40  Marine  
  189  18:41  SCV x2  
  189  18:43  SCV  
  185  18:52  SCV, Orbital Command  
  185  18:54  SCV x2  
  185  18:55  SCV  
  186  18:59  Ghost  
  186  19:00  Marine x3  
  186  19:02  Medivac x2  
  192  19:06  Ghost  
  187  19:10  SCV  
  187  19:15  Liberator  
  187  19:16  Marine  
  191  19:17  Marine  
  191  19:18  SCV  
  191  19:19  Marine  
  191  19:20  Marine x2  
  186  19:25  Liberator  
  186  19:29  Marauder  
  191  19:32  Liberator  
  191  19:37  Medivac  
  188  19:38  Marine x2  
  192  19:50  Marine  
  192  19:51  Marine  
  192  19:58  Liberator, Marine x4  
  192  19:59  Marauder x3  
  194  20:07  Liberator  
  194  20:08  Liberator  
  197  20:37  Refinery, Marine x3  
  197  20:39  Refinery, Command Center  
  197  20:42  Command Center  
Tags
 
Add a new tag
Caveats
  • Supply blocks, unpowered buildings, or Contaminate may cause inaccurate times.
  • Supply counts are checked every 10 seconds.